 Dungeon Crawl Stone Soup version 0.29.1-1-gd02db6906a (webtiles) character file.

Game seed: 8967716750296898867

176 Icepheonix32 the Changer (level 5, 0/37 HPs)
             Began as a Merfolk Transmuter on Oct 5, 2022.
             Slain by a gnoll
             ... wielding a +0 spear
              (7 damage)
             ... on level 3 of the Dungeon.
             The game lasted 00:06:02 (3978 turns).

Icepheonix32 the Changer (Merfolk Transmuter)       Turns: 3978, Time: 00:06:03

Health: 0/37       AC:  2    Str: 10    XL:     5   Next: 56%
Magic:  3/9        EV: 13    Int: 14    God:
Gold:   121        SH:  0    Dex: 15    Spells: 3/9 levels left

rFire   . . .      SeeInvis .     - Unarmed
rCold   . . .      Faith    .   (no shield)
rNeg    . . .      Spirit   .   a - +0 robe
rPois   .          Reflect  .   (helmet currently unavailable)
rElec   .          Harm     .   (no cloak)
rCorr   .          Rampage  .   (no gloves)
Will    .....                   (boots currently unavailable)
Stlth   ++........              (no amulet)
HPRegen 0.12/turn               (no ring)
MPRegen 0.11/turn               (no ring)

@: appendages
A: horns 2, (nimble swimmer 2), mertail
a: End Transformation


You were on level 3 of the Dungeon.
You had temporarily grown beastly horns.
You visited 1 branch of the dungeon, and saw 3 of its levels.
You also visited: Sewer.

You collected 121 gold pieces.

Inventory:

Hand Weapons
 h - a +0 mace of holy wrath
Armour
 a - a +0 robe (worn)
 i - a +2 ring mail of fire resistance
Scrolls
 c - 4 scrolls of teleportation
 e - a scroll of noise
 l - a scroll of enchant weapon {unknown}
 n - a scroll of amnesia {unknown}
 p - a scroll of butterflies {unknown}
Potions
 g - a potion of haste
 j - 2 potions of brilliance
 k - 2 potions of degeneration
 m - 2 potions of flight
 o - 2 potions of curing


   Skills:
 + Level 1.6 Fighting
 + Level 3.3 Dodging
 + Level 0.5 Stealth
 + Level 4.0 Unarmed Combat
 + Level 2.7 Spellcasting
 * Level 5.1 Transmutations
 * Level 1.5 Poison Magic


You had 3 spell levels left.
You knew the following spells:

 Your Spells              Type           Power      Damage    Failure   Level
a - Beastly Appendage     Tmut           32%        N/A       2%          1
b - Wereblood             Tmut           16%        N/A       4%          2
c - Spider Form           Tmut/Pois      11%        N/A       17%         3

Your spell library contained the following spells:

 Spells                   Type           Power      Damage    Failure   Level
 Apportation              Tloc           2%         N/A       22%         1
 Necrotise                Necr           4%         1d4       22%         1
 Summon Small Mammal      Summ           4%         N/A       22%         1
 Ice Form                 Ice/Tmut       9%         N/A       61%         4


Dungeon Overview and Level Annotations

Branches:
Dungeon (3/15)              Sewer (visited)

Altars:

Shops:
D:2 (


Innate Abilities, Weirdness & Mutations

You have temporarily grown beastly horns.
((You are very nimble when in or above water. (Stealth+, EV+, Speed+++)))
Your lower body shifts to a powerful aquatic tail in water.


Message History

The gnoll hits you but does no damage. The gnoll barely misses you.
The gnoll hits you from afar with a +0 spear.
The gnoll hits you from afar with a +0 spear.
The gnoll hits you from afar with a +0 spear.
Your transformation is almost over.
The gnoll hits you from afar with a +0 spear.
Your primal bloodlust has ended.
The gnoll hits you but does no damage.
Sorry, you're not good enough to have a special ability.
Unknown command.
Casting: Wereblood (safe; 4% risk of failure)
Confirm with . or Enter, or press ? or * to list all spells.
You are stuck in your current form!
The gnoll hits you but does no damage.
Okay, then.
The gnoll hits you but does no damage. The gnoll hits you but does no damage.
The gnoll hits you but does no damage. The gnoll hits you but does no damage.
The gnoll hits you from afar with a +0 spear.
The gnoll hits you but does no damage.
You feel less wooden.
Your +0 robe unmelds from your body.
The gnoll hits you from afar with a +0 spear.
* * * LOW HITPOINT WARNING * * *
The gnoll misses you. The gnoll completely misses you.
Items here: ))) ††.
Casting: Spider Form (quite dangerous; 17% risk of failure)
Confirm with . or Enter, or press ? or * to list all spells.
You grow a pair of large bovine horns.
The gnoll misses you.
You hit the gnoll. Your headbutt misses the gnoll.
The gnoll is heavily wounded.
The gnoll hits you with a +0 spear.
* * * LOW HITPOINT WARNING * * *
You hit the gnoll but do no damage. You headbutt the gnoll.
The gnoll is almost dead.
The gnoll hits you with a +0 spear!
You die...

..................# #.#
#######...#######.# #.#
#........# #.# #.#
#.....#### #.# #.#
#.....# #.######.#
#.....#### #........#
#........# ##########
#........##############
##.......#....g@......#
#.........##########.#
**#######.#........,,*,*
,,,,............###*,*,*
****#####.#.###.# *,*,*
,,,,,,,....g.,*,# *,*,*
******###.#g#.*,* *,*,*
#.#.#.#,* *,*,*
#.#.#,#,* *,*,*


You could see a gnoll.

Vanquished Creatures
  3 gnolls (D:3)
  A river rat (Sewer)
  7 adders
  3 worms
  A dart slug (D:1)
  6 orcs (D:3)
  4 endoplasms
  2 giant cockroaches
  3 hobgoblins (D:1)
  6 kobolds
  2 quokkas
  9 ball pythons
  2 bats
  6 frilled lizards
  3 goblins (D:1)
  8 rats
66 creatures vanquished.

Vanquished Creatures (others)
  2 plants (D:1)
2 creatures vanquished.

Grand Total: 68 creatures vanquished

Notes
Turn   | Place    | Note
-------+----------+-------------------------------------------
     0 | D:1      | Icepheonix32 the Merfolk Transmuter began the quest for the
                  | Orb.
     0 | D:1      | Reached XP level 1. HP: 15/15 MP: 3/3
   264 | D:1      | Reached skill level 3 in Transmutations
   423 | D:1      | Reached XP level 2. HP: 21/21 MP: 3/5
  1064 | D:1      | Reached XP level 3. HP: 14/26 MP: 4/6
  1270 | D:1      | Found a faded altar of an unknown god.
  1278 | D:1      | Learned a level 2 spell: Wereblood
  1282 | D:1      | Learned a level 3 spell: Spider Form
  1505 | D:2      | Reached skill level 4 in Transmutations
  2109 | D:2      | Reached XP level 4. HP: 25/32 MP: 5/7
  2191 | D:2      | Found Enowk's Weapon Shoppe.
  2256 | D:3      | Reached skill level 1 in Poison Magic
  2363 | D:3      | Found a glowing drain.
  2397 | Sewer    | Entered a sewer
  3049 | Sewer    | Reached XP level 5. HP: 20/37 MP: 6/8
  3951 | D:3      | Reached skill level 5 in Transmutations
  3978 | D:3      | Slain by a gnoll

Illustrated notes

Levels and vault maps discovered:
D:1:      spicycebolla_green_bress_n_ham, layout_basic,
          shapermc_ecumenical_altar_hornbeckon
D:2:      layout_rooms, serial_shops, nicolae_shop_bloodbath_and_beyond
D:3:      layout_basic, cheibrodos_sewer_entry_bend

Skill      XL: |  1  2  3  4  5 |
---------------+----------------+-----
Transmutations | 3 4 5 |  5.1
Dodging        | 3 |  3.3
Poison Magic   | 1 |  1.5
Unarmed Combat | 4 |  4.0
Fighting       | |  1.6
Stealth        | |  0.5
Spellcasting   | |  2.7

Action                   |  1- 3 |  4- 6 || total
-------------------------+-------+-------++-------
Melee: Unarmed           |    83 |   113 ||   196
       Headbutt          |    15 |    18 ||    33
       Tailslap          |       |     9 ||     9
       Punch             |       |     2 ||     2
 Cast: Beastly Appendage |    26 |    23 ||    49
       Wereblood         |       |     2 ||     2
       Spider Form       |       |     1 ||     1
  Use: Potion            |     1 |     3 ||     4
       Scroll            |       |    10 ||    10
 Stab: Sleeping          |     1 |     2 ||     3
Armor: Robe              |     9 |     5 ||    14
       Skin              |       |    15 ||    15
Dodge: Dodged            |    44 |    88 ||   132
